 Dungeon Crawl Stone Soup version 0.28-a0-1518-gbe868bca14 (webtiles) character file.

Game seed: 6984362357449939135

58844 flotson the Fighter (level 14, -2/114 HPs)
             Began as a Demonspawn Gladiator on Jan 14, 2022.
             Was an Initiate of Gozag.
             Slain by Rupert (7 damage)
             ... on level 6 of the Lair of Beasts on Jan 16, 2022.
             The game lasted 00:49:47 (18923 turns).

flotson the Fighter (Demonspawn Gladiator)         Turns: 18923, Time: 00:49:47

Health: -2/114     AC: 31    Str: 20    XL:     14   Next: 51%
Magic:  14/14      EV: 12    Int:  9    God:    Gozag
Gold:   3017       SH:  4    Dex: 20    Spells: 13/13 levels left

rFire   . . .      SeeInvis .   a - +8 storm bow {elec, penet}
rCold   . . .      Faith    .   (shield currently unavailable)
rNeg    . . .      Spirit   .   K - +3 plate armour "Rufuj" {rPois Dex+5 Stlth+}
rPois   +          Reflect  .   (helmet restricted)
rElec   +          Harm     .   E - scarf {repulsion}
rCorr   .          Rampage  .   P - +0 pair of gloves
Will    ++...                   (no boots)
Stlth   ..........              e - amulet of regeneration
HPRegen 1.09/turn               o - ring of Shadows {Umbra +Inv Stlth+}
MPRegen 0.14/turn               S - ring of willpower

@: wreathed by umbra, repel missiles
A: antennae 1, thin metallic scales 3, icemail 2, condensation shield, demonic
magic 1
a: Renounce Religion, Evoke Invisibility, Potion Petition, Call Merchant, Bribe
Branch


You were on level 6 of the Lair of Beasts.
You worshipped Gozag.
Gozag was most pleased with you.
You visited 2 branches of the dungeon, and saw 20 of its levels.
You also visited: Sewer.

You collected 4769 gold pieces.
You spent 1672 gold pieces at shops.
You paid 80 gold pieces to Gozag.

Inventory:

Hand Weapons
 a - the +8 storm bow (weapon) {elec, penet}
   (You bought it in a shop on level 9 of the Dungeon)

   Any ammunition fired from it occasionally discharges a powerful burst of
   electricity upon striking a foe.
   Any ammunition fired by it passes through the targets it hits, potentially
   hitting all targets in its path until it reaches maximum range.
 b - the +8 mace "Ibriadoc" {flame, rC+ Str+2 Int+2}
   (You found it on level 4 of the Lair of Beasts)

   It burns those it strikes, dealing additional fire damage.
   Str:       It affects your strength (+2).
   Int:       It affects your intelligence (+2).
   rC:        It protects you from cold.
Missiles
 D - 5 silver javelins
 G - 2 silver boomerangs
 M - 148 bolts
 O - a curare-tipped dart
 Q - 4 datura-tipped darts
 V - 404 arrows (quivered ammo)
Armour
 E - a scarf of repulsion (worn)
 K - the +3 plate armour "Rufuj" (worn) {rPois Dex+5 Stlth+}
   (You took it off an orc warrior on level 6 of the Dungeon)

   Dex:       It affects your dexterity (+5).
   rPois:     It protects you from poison.
   Stlth:     It makes you more stealthy.
 L - the +1 pair of gloves of the Cartwright {rF- rN++ Int+4 SInv}
   (You found it on level 7 of the Dungeon)

   Int:       It affects your intelligence (+4).
   rF:        It makes you vulnerable to fire.
   rN:        It greatly protects you from negative energy.
   SInv:      It lets you see invisible.
 P - a +0 pair of gloves (worn)
 W - +0 fire dragon scales
Jewellery
 e - an amulet of regeneration (around neck)
 o - the ring of Shadows (left hand) {Umbra +Inv Stlth+}
   (You found it on level 2 of the Dungeon)

   [ring of stealth]

   It surrounds you with an aura of shadow, increasing your stealth and reducing
   the accuracy of all others within it.
   +Inv:      It lets you turn invisible.
   Stlth:     It makes you more stealthy.
 r - a ring of poison resistance
 S - a ring of willpower (right hand)
Wands
 c - a wand of acid (5)
 k - a wand of flame (11)
 x - a wand of polymorph (17)
 J - a wand of iceblast (4)
 Z - a wand of mindburst (13)
Scrolls
 f - 8 scrolls of immolation
 g - 5 scrolls of enchant armour {unknown}
 h - 3 scrolls of noise {unknown}
 i - 3 scrolls of blinking {unknown}
 l - 3 scrolls of amnesia {unknown}
 m - 6 scrolls of fear {unknown}
 p - 2 scrolls of magic mapping {unknown}
 q - 3 scrolls of enchant weapon {unknown}
 t - a scroll of summoning {unknown}
 v - 5 scrolls of fog {unknown}
 w - 4 scrolls of vulnerability {unknown}
 y - 7 scrolls of teleportation
 B - 3 scrolls of brand weapon {unknown}
 T - a scroll of silence {unknown}
Potions
 d - 2 potions of ambrosia {unknown}
 j - 4 potions of flight
 n - a potion of heal wounds
 s - 2 potions of resistance
 u - 8 potions of curing
 z - a potion of brilliance {unknown}
 A - 3 potions of might
 C - 3 potions of berserk rage
 F - 5 potions of attraction
 I - a potion of invisibility {unknown}
 N - 2 potions of mutation
 R - 2 potions of lignification
Miscellaneous
 U - a condenser vane (inert)


   Skills:
 + Level 11.6 Fighting
 - Level 6.9 Axes
 * Level 9.9 Bows
 - Level 6.4 Throwing
 + Level 10.6 Armour
 + Level 11.1 Dodging
 - Level 4.1 Shields
 + Level 7.8 Evocations


You had 13 spell levels left.
You didn't know any spells.
Your spell library contained the following spells:

 Spells                   Type           Power      Damage    Failure   Level
 Animate Skeleton         Necr           0%         N/A       100%        1
 Apportation              Tloc           0%         N/A       100%        1
 Sandblast                Erth           0%         2d4       100%        1
 Sting                    Tmut/Pois      0%         1d3       100%        1
 Summon Small Mammal      Summ           0%         N/A       100%        1
 Passwall                 Tmut/Erth      0%         N/A       100%        2
 Poisonous Vapours        Pois/Air       0%         N/A       100%        2
 Call Canine Familiar     Summ           0%         N/A       100%        3
 Portal Projectile        Hex/Tloc       0%         N/A       100%        3
 Stone Arrow              Conj/Erth      0%         3d7       100%        3
 Animate Dead             Necr           0%         N/A       100%        4
 Leda's Liquefaction      Hex/Erth       0%         N/A       100%        4
 Olgreb's Toxic Radiance  Pois           0%         N/A       100%        4
 Summon Ice Beast         Ice/Summ       0%         N/A       100%        4
 Borgnjor's Vile Clutch   Necr/Erth      0%         N/A       100%        5
 Iskenderun's Battlesphe  Conj           0%         2d6       100%        5
 Summon Mana Viper        Hex/Summ       0%         N/A       100%        5
 Death Channel            Necr           0%         N/A       100%        6
 Iron Shot                Conj/Erth      0%         9d1       100%        6
 Haunt                    Necr/Summ      0%         N/A       100%        7
 Monstrous Menagerie      Summ           0%         N/A       100%        7
 Spellforged Servitor     Conj/Summ      0%         N/A       100%        7
 Infestation              Necr           0%         N/A       100%        8


Dungeon Overview and Level Annotations

Branches:
Dungeon (14/15)            Temple (0/1) D:6            Lair (6/6) D:11
  Swamp (0/4) Lair:3        Snake (0/4) Lair:3        Slime (0/5) Lair:5
    Orc (0/2) D:9          Vaults (0/5) D:14          Sewer (visited)

Altars:
Ashenzari
Cheibriados
Fedhas
Gozag
Hepliaklqana
Makhleb
Qazlal
Sif Muna
Vehumet
Wu Jian
Xom
Yredelemnul
The Shining One
Beogh
Jiyva

Shops:
D:4 :   D:6 *[(   D:9 :(*   D:13 *

Annotations:
D:14 Snorg
Lair:6 Rupert


Innate Abilities, Weirdness & Mutations

You have a pair of small antennae on your head.
You are completely covered in thin metallic scales. (AC +4, rElec)
A meltable icy envelope protects you from harm. (AC +8)
A meltable shield of frost defends you. (SH +4)
Spells you cast may paralyse adjacent enemies.


Message History

Aim: Rupert, wielding a +3 great sword of freezing and wearing a +0 leather armour (severely wounded, berserk, 74% to hit)
You shoot an arrow. The arrow closely misses Rupert.
Clouds of poison gas condense around you!
The condenser dries out!
Rupert is engulfed in poison gas.
Rupert is poisoned.
Rupert is engulfed in poison gas.
Rupert looks even sicker.
Rupert closely misses you.
Aiming: Mindburst
Press: ? - help, Shift-Dir - straight line, f/p - Rupert
Aim: Rupert, wielding a +3 great sword of freezing and wearing a +0 leather armour (poison gas, almost dead, berserk, very poisoned, umbra, chance to affect: 25%)
Okay, then.
Unknown command.
Rupert is engulfed in poison gas.
Rupert looks even sicker.
Rupert hits you with a +3 great sword of freezing!!
* * * LOW HITPOINT WARNING * * *
Rupert freezes you!
* * * LOW HITPOINT WARNING * * *
You see here a +0 leather armour.
You feel much better.
Rupert hits you with a +3 great sword of freezing.
* * * LOW HITPOINT WARNING * * *
Rupert freezes you.
* * * LOW HITPOINT WARNING * * *
Rupert hits you but does no damage.
Unknown command.
Fire: 406 arrows
Press: ? - help, Q - select action, (/) - cycle Shift-Dir - straight line, f/p - Rupert
Aim: Rupert, wielding a +3 great sword of freezing and wearing a +0 leather armour (almost dead, berserk, very poisoned, umbra, 74% to hit)
You shoot an arrow. The arrow pierces through Rupert.
Lightning courses through Rupert!
Rupert is almost dead.
You block Rupert's attack.
Fire: 405 arrows
Press: ? - help, Q - select action, (/) - cycle Shift-Dir - straight line, f/p - Rupert
Aim: Rupert, wielding a +3 great sword of freezing and wearing a +0 leather armour (almost dead, berserk, very poisoned, umbra, 74% to hit)
You shoot an arrow. The arrow barely misses Rupert.
Rupert hits you with a +3 great sword of freezing!!
* * * LOW HITPOINT WARNING * * *
Rupert freezes you!
You die...
Your body crumbles into a pile of gold.

##..###.....#.......P
#....................
#....................
##...................
#..............#...
####.PP..#.....P.##.
#PPP..P...#.......
##..P...........P..
##...P......@......#
#..........@........
#.....<.............
.......§§§..........
P......§§§..........
.......§§§......#...
#.....$#.......#....
#....(.P........##..
#..............##


You could see Rupert (berserk, very poisoned).

Vanquished Creatures
  A very ugly thing (D:14)
  3 boulder beetles
  The ghost of Ipeyklai the Basher, a journeyman MiWz of Zin (Lair:1)
  12 hydras
  A death knight (D:14)
  A catoblepas (Lair:2)
  3 centaur warriors
  2 death yaks
  A two-headed ogre (D:12)
  2 tengu warriors (D:14)
  Urug (Lair:2)
  The ghost of snarfax the Skirmisher, a novice DjFE of Elyvilon (D:6)
  A deep elf pyromancer (D:13)
  A cyclops (D:14)
  13 ugly things
  4 manticores
  3 centaur zombies
  5 black mambas
  4 elephants (Lair:5)
  9 cane toads
  An unseen horror (D:11)
  Maggie (D:6)
  3 rime drakes
  8 komodo dragons
  A tengu conjurer (D:14)
  2 trolls
  2 polar bears (Lair:3)
  Grinder (D:6)
  A hornet (D:7)
  20 blink frogs
  4 wraiths
  Sigmund (D:4)
  3 vampires
  4 wyverns
  4 basilisks
  41 yaks
  A human (shapeshifter) (D:14)
  5 steam dragons
  4 wargs
  Menkaure (D:6)
  5 swamp worms (Lair:3)
  Edmund (D:6)
  2 acid dragons (D:13)
  10 water moccasins
  3 black bears
  7 orc warriors
  A sky beast (D:6)
  2 ice beasts
  18 wolves
  An ogre (D:5)
  12 centaurs
  A phantom (D:5)
  4 kobold brigands
  A scorpion (Lair:3)
  17 bullfrogs
  A water moccasin skeleton (D:5)
  12 killer bees
  10 wights
  3 howler monkeys
  A hound (D:4)
  11 orc priests
  2 jellies
  2 iguanas (Lair:3)
  A centaur skeleton (D:4)
  A gnoll shaman (D:7)
  13 orc wizards
  A killer bee zombie (D:8)
  A hound zombie (D:4)
  A hound skeleton (D:4)
  2 howler monkey zombies
  10 adders
  6 gnolls
  A howler monkey skeleton (D:7)
  8 river rats (Sewer)
  2 white imps
  2 ufetubi
  5 worms
  3 dart slugs
  The ghost of ASSMAN the Sneak, a weakling DEDe (D:5)
  40 orcs
  17 ball pythons
  9 bats
  7 endoplasms
  A giant cockroach (D:1)
  6 goblins
  9 hobgoblins
  6 jackals
  26 kobolds
  7 quokkas
  2 frilled lizards
  25 rats
517 creatures vanquished.

Vanquished Creatures (others)
  A dancing weapon (D:14)
  An orc (D:7)
  15 fungi
  24 plants
41 creatures vanquished.

Grand Total: 558 creatures vanquished

Notes
Turn   | Place    | Note
-------+----------+-------------------------------------------
     0 | D:1      | flotson the Demonspawn Gladiator began the quest for the
                  | Orb.
     0 | D:1      | Reached XP level 1. HP: 16/16 MP: 1/1
   130 | D:1      | Gained mutation: A meltable shield of frost defends you.
                  | (SH +4) [demonic ancestry]
   130 | D:1      | Reached XP level 2. HP: 21/22 MP: 2/2
   257 | D:1      | Found a faded altar of an unknown god.
   424 | D:1      | Gained mutation: A meltable icy envelope protects you from
                  | harm. (AC +8) [demonic ancestry]
   424 | D:1      | Reached XP level 3. HP: 28/28 MP: 3/3
   713 | D:2      | Reached skill level 1 in Armour
   892 | D:2      | Found the ring of Shadows {Umbra +Inv Stlth+}
  1318 | D:3      | Found a snail-covered altar of Cheibriados.
  1323 | D:3      | Gained mutation: You are partially covered in thin metallic
                  | scales. (AC +2) [demonic ancestry]
  1323 | D:3      | Reached XP level 4. HP: 34/34 MP: 4/4
  1360 | D:3      | Found an ornate altar of the Wu Jian Council.
  1958 | D:3      | Gained mutation: Spells you cast may paralyse adjacent
                  | enemies. [demonic ancestry]
  1958 | D:3      | Reached XP level 5. HP: 40/40 MP: 5/5
  2109 | D:4      | Found Hurchodoq's Book Boutique.
  2137 | D:4      | Found a glowing drain.
  2147 | D:4      | Gained mutation: You are mostly covered in thin metallic
                  | scales. (AC +3) [demonic ancestry]
  2147 | D:4      | Reached XP level 6. HP: 47/47 MP: 6/6
  2163 | Sewer    | Entered a sewer
  2531 | Sewer    | Reached XP level 7. HP: 45/53 MP: 7/7
  2712 | D:4      | Found a broken altar of Ashenzari.
  2864 | D:4      | Found a radiant altar of Vehumet.
  2907 | D:4      | Noticed Sigmund
  2917 | D:4      | Killed Sigmund
  3086 | D:4      | Found a basalt altar of Yredelemnul.
  3380 | D:5      | Entered Level 5 of the Dungeon
  3574 | D:5      | Reached XP level 8. HP: 61/61 MP: 8/8
  3600 | D:5      | Reached skill level 1 in Evocations
  3820 | D:5      | Found a shimmering blue altar of Sif Muna.
  3982 | D:5      | Found a runed translucent gate.
  3982 | D:5      | Found an opulent altar of Gozag.
  3985 | D:5      | Found a runed translucent gate.
  3985 | D:5      | Found a runed translucent gate.
  3986 | D:5      | Noticed ASSMAN's ghost (weakling DEDe)
  4001 | D:5      | Killed ASSMAN's ghost
  4008 | D:5      | Reached skill level 5 in Axes
  4021 | D:5      | Reached skill level 5 in Dodging
  4027 | D:5      | Became a worshipper of Gozag Ym Sagoz the Greedy
  4364 | D:6      | Reached skill level 5 in Fighting
  4385 | D:6      | Found Raoromoe's Elemental Accessories.
  4418 | D:6      | Found a staircase to the Ecumenical Temple.
  4455 | D:6      | Found Cyfrun's Antique Armour Emporium.
  4473 | D:6      | Bought a runed kite shield for 217 gold pieces
  4511 | D:6      | Noticed Menkaure
  4622 | D:6      | Found an opulent altar of Gozag.
  4637 | D:6      | Found Fyhaug's Antique Weapon Shoppe.
  4641 | D:6      | Noticed Maggie
  4732 | D:6      | Killed Maggie
  4733 | D:6      | Reached skill level 1 in Shields
  4733 | D:6      | Reached XP level 9. HP: 28/68 MP: 9/9
  4734 | D:6      | Noticed Edmund
  4801 | D:6      | Killed Edmund
  4802 | D:6      | Reached skill level 5 in Throwing
  5018 | D:6      | Found a shimmering altar of Xom.
  5025 | D:6      | Noticed Grinder
  5038 | D:6      | Killed Grinder
  5427 | D:7      | Found a blossoming altar of Fedhas.
  5571 | D:7      | Found a runed translucent gate.
  5576 | D:7      | Found a runed translucent gate.
  5576 | D:7      | Found a runed translucent gate.
  5577 | D:7      | Noticed snarfax's ghost (novice DjFE)
  5591 | D:7      | Reached skill level 5 in Armour
  5660 | D:7      | Found a stormy altar of Qazlal.
  5777 | D:7      | Identified the +3 plate armour "Rufuj" {rPois Dex+5 Stlth+}
  6391 | D:7      | Upgraded the game from 0.28-a0-1510-gd0f6b136d3 to
                  | 0.28-a0-1518-gbe868bca14
  6459 | D:6      | Killed Menkaure
  6611 | D:6      | Killed snarfax's ghost
  6612 | D:6      | Gained mutation: A meltable icy envelope protects you from
                  | harm. (AC +8) [demonic ancestry]
  6612 | D:6      | Reached XP level 10. HP: 36/76 MP: 10/10
  6809 | D:7      | Identified the +1 pair of gloves of the Cartwright {rF-
                  | rN++ Int+4 SInv}
  6894 | D:6      | Bought a translucent hand crossbow for 212 gold pieces
  6894 | D:6      | Identified the +5 hand crossbow "Gifitu" {elec, *Corrode
                  | rPois rC++ rN+} (You bought it in a shop on level 6 of the
                  | Dungeon)
  7179 | D:6      | Bought a shiny scale mail for 203 gold pieces
  8268 | D:9      | Reached skill level 5 in Evocations
  8369 | D:6      | Bought an embroidered hat for 203 gold pieces
  8759 | D:9      | Found a burning altar of Makhleb.
  8879 | D:9      | Found a staircase to the Orcish Mines.
  9164 | D:9      | Found Lofin's Weapon Shoppe.
  9165 | D:9      | Found Tynwoipa's Antique Weapon Shoppe.
  9165 | D:9      | Found Mibboqi's General Store.
  9167 | D:9      | Found Qefaceki's Book Shoppe.
  9918 | D:10     | Entered Level 10 of the Dungeon
 10003 | D:9      | Gained mutation: You have a pair of small antennae on your
                  | head. [demonic ancestry]
 10003 | D:9      | Reached XP level 11. HP: 48/84 MP: 11/11
 10198 | D:10     | Reached skill level 1 in Bows
 10685 | D:10     | Found a hazy altar of Hepliaklqana.
 11072 | D:9      | Bought the +8 storm bow {elec, penet} for 814 gold pieces
 11072 | D:9      | Found the +8 storm bow {elec, penet}
 11122 | D:11     | Noticed a boulder beetle
 11138 | D:10     | Killed a boulder beetle
 11377 | D:11     | Noticed a red ugly thing
 11384 | D:11     | Killed a red ugly thing
 11554 | D:11     | Found a staircase to the Lair.
 11653 | D:11     | You fall into a shaft and drop 3 floors!
 11656 | D:14     | Noticed a boulder beetle
 11672 | D:14     | Noticed a +2 long sword
 11673 | D:14     | Killed a boulder beetle
 11675 | D:14     | Killed a +2 long sword
 11676 | D:14     | Found a gate to the Vaults.
 11698 | D:14     | Noticed a boulder beetle
 11703 | D:14     | Noticed a +6 long sword
 11780 | D:14     | Noticed a brown very ugly thing
 11790 | D:14     | Noticed a death knight
 11801 | D:14     | Killed a brown very ugly thing
 11802 | D:14     | Reached XP level 12. HP: 55/94 MP: 12/12
 11861 | D:14     | Killed a death knight
 11965 | D:14     | Noticed a tengu warrior
 11993 | D:14     | Killed a tengu warrior
 12086 | D:14     | Killed a boulder beetle
 12087 | D:14     | Reached skill level 5 in Bows
 12197 | D:14     | Noticed a tengu warrior
 12205 | D:14     | Killed a tengu warrior
 12269 | D:14     | Noticed Snorg
 12306 | D:14     | Noticed a centaur warrior
 12310 | D:14     | Killed a centaur warrior
 12458 | D:13     | Found Lipehiatao's Assorted Antiques.
 12466 | D:13     | Bought a brown potion for 23 gold pieces
 12562 | D:13     | Reached skill level 10 in Fighting
 12673 | D:13     | Noticed a centaur warrior
 12678 | D:13     | Killed a centaur warrior
 12751 | D:13     | Noticed a centaur warrior
 12757 | D:13     | Killed a centaur warrior
 12875 | D:13     | Gained mutation: You are completely covered in thin
                  | metallic scales. (AC +4, rElec) [demonic ancestry]
 12875 | D:13     | Reached XP level 13. HP: 103/103 MP: 13/13
 13272 | Lair:1   | Entered Level 1 of the Lair of Beasts
 13444 | Lair:1   | Found a runed translucent gate.
 13444 | Lair:1   | Found a runed translucent gate.
 13444 | Lair:1   | Found a runed translucent gate.
 13503 | Lair:1   | Noticed Ipeyklai's ghost (journeyman MiWz)
 13585 | Lair:1   | Reached skill level 10 in Dodging
 14233 | Lair:1   | Killed Ipeyklai's ghost
 14536 | Lair:2   | Noticed Urug
 14547 | Lair:2   | Killed Urug
 15516 | Lair:3   | Reached skill level 10 in Armour
 15721 | Lair:3   | Found a staircase to the Snake Pit.
 15945 | Lair:3   | Found a staircase to the Swamp.
 16016 | Lair:3   | Reached XP level 14. HP: 113/113 MP: 14/14
 17458 | Lair:4   | Identified the +8 mace "Ibriadoc" {flame, rC+ Str+2 Int+2}
 17957 | Lair:5   | Found a staircase to the Slime Pits.
 18103 | Lair:5   | Found a viscous altar of Jiyva.
 18702 | Lair:6   | Entered Level 6 of the Lair of Beasts
 18903 | Lair:6   | Noticed Rupert
 18923 | Lair:6   | HP: 5/114 [Rupert (19)]
 18923 | Lair:6   | Slain by Rupert

Illustrated notes

Levels and vault maps discovered:
D:1:      dpeg_arrival_pond, layout_loops_cross, basic_ecumenical_altar
D:2:      layout_loops_cross, minmay_misc_feat_tower
D:3:      layout_loops_ring, mainiacjoe_overflow_catwalk, lemuel_round_altar
D:4:      layout_basic, nicolae_vehumet_altar_sigil,
          mainiacjoe_overflow_alcove_2, lemuel_zombie_altar_yredelemnul,
          serial_shops, nicolae_inconvenience_store,
          cheibrodos_sewer_entry_sluice, uniq_sigmund
D:5:      layout_loops_corners, general_overflow_altar, ebering_ghost_gozag
D:6:      layout_basic, kennysheep_mini_moat, lemuel_doored_altar,
          minmay_temple_entry_sparse_star, serial_shops, nicolae_diamond_shop,
          shop, nicolae_elemental_shop, kennysheep_another_room,
          chequers_serial_rivers_room_a, uniq_maggie, uniq_grinder,
          uniq_menkaure, uniq_edmund
D:7:      layout_loops_corners, grunt_qazlal_clouds,
          fedhas_bush_and_centaur_altar, biasface_ghost_orc_armoury,
          kennysheep_generic_room_3
D:8:      layout_cave_pools
D:9:      layout_rooms, bloody_makhleb, erik_orc_3, minmay_shop_grid_forest,
          hangedman_decor_diamond_cutter
D:10:     layout_cross, mainiacjoe_overflow_swirl
D:11:     layout_rooms, erik_lair_orcish_takeover, roderic_nine_men_s_morris
D:12:     layout_roguey, ebering_ghost_rock_garden, ice2_lemuel, uniq_jorgrun,
          uniq_josephine
D:13:     layout_loops_ring, serial_shops, nicolae_shop_crystal
D:14:     layout_irregular_city, erik_vaults_1, chequers_serial_rivers_micro_c,
          uniq_snorg
Lair:1:   layout_regular_city, gammafunk_ghost_split, lemuel_fruit_tree,
          infiniplex_staircase_pool_2
Lair:2:   layout_hall_layers, uniq_urug
Lair:3:   layout_regular_city, palyth_hydra_swamp_entry,
          minmay_snake_entry_six_corridors
Lair:4:   layout_cave_pods
Lair:5:   layout_cave_pods, slime_altar_1
Lair:6:   evilmike_catoblepas_cave, layout_gridlike, uniq_rupert

Skill      XL: |  1  2  3  4  5  6  7  8  9 10 11 12 13 14 |
---------------+-------------------------------------------+-----
Throwing       | 2 3 4 5 6 |  6.4
Axes           | 3 4 5 6 |  6.9
Dodging        | 3 4 5 6 8 9 10 11 | 11.1
Armour         | 1 2 3 4 5 6 7 9 10 | 10.6
Fighting       | 3 4 5 6 7 8 10 11 | 11.6
Evocations     | 2 4 5 7 |  7.8
Shields        | 1 2 4 |  4.1
Bows           | 4 6 8 9 |  9.9

Action                   |  1- 3 |  4- 6 |  7- 9 | 10-12 | 13-15 || total
-------------------------+-------+-------+-------+-------+-------++-------
Melee: War axe           |    22 |       |       |       |       ||    22
       Whip              |    90 |   276 |   306 |       |       ||   672
       Punch             |     1 |     2 |     9 |     1 |       ||    13
       Hand axe          |       |       |   163 |    27 |       ||   190
       Trident           |       |       |       |   397 |       ||   397
 Fire: Hand crossbow     |       |       |       |    28 |       ||    28
       Shortbow          |       |       |       |    26 |       ||    26
       Longbow           |       |       |       |   214 |   549 ||   763
Throw: Throwing net      |       |       |     2 |       |     1 ||     3
       Dart              |       |       |     2 |    12 |     1 ||    15
Evoke: Wand              |       |       |     3 |       |       ||     3
       Condenser vane    |       |       |       |     1 |     1 ||     2
  Use: Scroll            |       |     1 |     3 |     7 |     5 ||    16
       Potion            |       |     1 |       |     1 |     1 ||     3
 Stab: Sleeping          |     1 |     2 |     8 |       |       ||    11
       Held in net/web   |       |       |     1 |       |       ||     1
       Distracted        |       |       |       |     6 |       ||     6
Armor: Leather armour    |    37 |   155 |     9 |       |       ||   201
       Ring mail         |       |       |    82 |       |       ||    82
       Steam dragon scal |       |       |    47 |       |       ||    47
       Plate armour      |       |       |     4 |   456 |   248 ||   708
Dodge: Dodged            |    55 |   241 |   216 |   229 |   235 ||   976
Block: Other             |    18 |    68 |    37 |    48 |    66 ||   237
       Kite shield       |       |       |   181 |   275 |       ||   456

Table legend: (Time is in decaauts)
 A = Elapsed time spent in this place.
 B = Non-inter-level travel time spent in this place.
 C = Inter-level travel time spent in this place.
 D = Time resting spent in this place.
 E = Time spent auto-exploring this place.
 F = Levels seen in this place.
 G = Mean time per level.
                   A        B        C        D        E       F      G
               +--------+--------+--------+--------+--------+-----+--------+
         Total |  19411 |  17548 |   1863 |    342 |  12324 |  21 |  924.3 |
       Dungeon |  13169 |  11481 |   1688 |    327 |   7583 |  14 |  940.6 |
          Lair |   5800 |   5626 |    174 |     15 |   4563 |   6 |  966.7 |
         Sewer |    441 |    441 |      0 |      0 |    178 |   1 |  441.0 |
               +--------+--------+--------+--------+--------+-----+--------+

Top non-repeatable levels by time:
     D:7: 1837 daAuts
     D:9: 1308 daAuts
  Lair:3: 1279 daAuts
     D:6: 1274 daAuts
     D:5: 1186 daAuts
     D:8: 1178 daAuts
     D:4: 1170 daAuts
  Lair:4: 1106 daAuts
  Lair:2: 1098 daAuts
  Lair:1: 1080 daAuts
  Lair:5: 1010 daAuts
    D:10: 926 daAuts
    D:14: 853 daAuts
    D:11: 769 daAuts
     D:3: 709 daAuts
